 Dungeon Crawl Stone Soup version 0.28.0-43-g3370ac3207 (webtiles) character file.

Game seed: 4450420761908987130

15663 styxcanada the Unseen (level 12, -2/58 HPs)
             Began as a Spriggan Brigand on Mar 23, 2022.
             Was an Initiate of Gozag.
             Killed from afar by a lindwurm (25 damage)
             ... with a blast of flame
             ... on level 3 of the Lair of Beasts.
             The game lasted 01:13:44 (13553 turns).

styxcanada the Unseen (Spriggan Brigand)           Turns: 13553, Time: 01:13:45

Health: -2/58      AC:  7    Str:  7    XL:     12   Next: 3%
Magic:  18/18      EV: 33    Int: 13    God:    Gozag
Gold:   709        SH:  9    Dex: 27    Spells: 14/18 levels left

rFire   . . .      SeeInvis +   a - +4 dagger
rCold   . . .      Faith    .   m - +0 buckler
rNeg    . . .      Spirit   .   z - +2 robe {Archmagi}
rPois   +          Reflect  .   (helmet restricted)
rElec   .          Harm     .   c - +2 cloak
rCorr   .          Rampage  .   (gloves unavailable)
Will    ++...      Archmagi +   (boots unavailable)
Stlth   +++++++...              t - amulet of regeneration
HPRegen 0.99/turn               i - +6 ring of dexterity
MPRegen 0.16/turn               G - +4 ring of evasion

@: very quick
A: very small, no large weapons, unfitting armour, see invisible, speed 3,
hooves 1, poison resistance
a: Renounce Religion, Potion Petition, Call Merchant, Bribe Branch


You were on level 3 of the Lair of Beasts.
You worshipped Gozag.
Gozag was pleased with you.
You visited 3 branches of the dungeon, and saw 13 of its levels.
You also visited: Sewer.

You collected 1239 gold pieces.
You paid 530 gold pieces to Gozag.

Inventory:

Hand Weapons
 a - a +4 dagger (weapon)
 l - a +0 hunting sling
 M - a +3 scimitar of flaming
Missiles
 d - 12 poisoned darts (quivered)
 e - a curare-tipped dart
 k - 380 stones
 p - 2 boomerangs
 r - 23 sling bullets
 y - a throwing net
Armour
 c - a +2 cloak (worn)
 h - an orb of guile
 m - a +0 buckler (worn)
 z - a +2 robe of the Archmagi (worn)
 C - +0 steam dragon scales
Magical Staves
 b - a staff of conjuration
Jewellery
 i - a +6 ring of dexterity (left hand)
 n - a ring of poison resistance
 q - a ring of resist corrosion
 t - an amulet of regeneration (around neck)
 G - a +4 ring of evasion (right hand)
 P - an amulet of guardian spirit
Wands
 x - a wand of mindburst (9)
 D - a wand of polymorph (2)
 J - a wand of iceblast (8)
 K - a wand of flame (3)
 N - a wand of digging (3)
Scrolls
 f - 4 scrolls of enchant armour
 j - 4 scrolls of immolation
 v - a scroll of blinking
 E - 2 scrolls of teleportation
 F - a scroll of magic mapping
 I - a scroll of enchant weapon
 L - 4 scrolls of identify
Potions
 g - 4 potions of heal wounds
 o - a potion of ambrosia
 s - 3 potions of cancellation
 u - a potion of invisibility
 w - 3 potions of curing
 A - a potion of lignification
 H - a potion of mutation
 O - a potion of might


   Skills:
 + Level 4.5 Fighting
 + Level 6.8 Short Blades
 + Level 0.7(3.2) Long Blades
 + Level 4.8(6.3) Slings
 + Level 5.1(5.8) Throwing
 * Level 11.0 Dodging
 * Level 16.1 Stealth
 + Level 5.0 Shields
 * Level 3.8 Spellcasting
 + Level 1.7 Conjurations
 * Level 5.0 Translocations
 * Level 1.8 Air Magic
 * Level 1.7 Poison Magic
 * Level 6.8 Evocations


You had 14 spell levels left.
You knew the following spells:

 Your Spells              Type           Power      Damage    Failure   Level
a - Blink                 Tloc           46%        N/A       8%          2
b - Poisonous Vapours     Pois/Air       20%        N/A       28%         2

Your spell library contained the following spells:

 Spells                   Type           Power      Damage    Failure   Level
 Lesser Beckoning         Tloc           23%        N/A       16%         3
 Animate Skeleton         Necr           6%         N/A       38%         1
 Pain                     Necr           12%        1d4       38%         1
 Corpse Rot               Necr/Air       14%        N/A       38%         2
 Vampiric Draining        Necr           3%         2d6       77%         3
 Manifold Assault         Tloc           23%        N/A       80%         5
 Blade Hands              Tmut           1%         N/A       100%        5
 Irradiate                Conj/Tmut      3%         3d15      100%        5
 Dragon Form              Tmut           1%         N/A       100%        7


Dungeon Overview and Level Annotations

Branches:
Dungeon (9/15)             Temple (1/1) D:7            Lair (3/6) D:9
  Sewer (visited)
  Swamp: Lair:2-4    Shoals: Lair:2-4     Snake: Lair:2-4    Spider: Lair:2-4
    Orc: D:9-12

Altars:
Elyvilon
Fedhas
Gozag
Hepliaklqana
Makhleb
Nemelex Xobeh
Okawaru
Qazlal
Ru
Sif Muna
Trog
Uskayaw
Vehumet
Wu Jian
Xom
Yredelemnul
Zin
The Shining One

Shops:
D:7 :   D:9 =

Portals:
Abyss: D:4

Annotations:
D:6 Duvessa


Innate Abilities, Weirdness & Mutations

You are very small and have problems with some larger weapons.
You are too small for most types of armour.
You have supernaturally acute eyesight. (SInv)
You cover ground extremely quickly. (Speed+++)
You have large cloven feet.
Your system is resistant to poisons. (rPois)


Message History

The two-headed hydra completely misses you. x2
Unknown command.
You chop one of the two-headed hydra's heads off!
The flame cauterises the wound!
You hit the one-headed hydra. You burn the one-headed hydra.
The one-headed hydra is heavily wounded.
The one-headed hydra completely misses you.
Unknown command.
You slice the one-headed hydra's last head off!
You kill the one-headed hydra!
Your Dodging skill increases to level 11!
Your Translocations skill increases to level 5!
You have reached level 12!
You now have 661 gold pieces (gained 24).
r - 13 sling bullets (gained 1)
r - 14 sling bullets (gained 1)
r - 15 sling bullets (gained 1)
r - 16 sling bullets (gained 1)
r - 17 sling bullets (gained 1)
r - 18 sling bullets (gained 1)
r - 19 sling bullets (gained 1)
You now have 683 gold pieces (gained 22).
r - 20 sling bullets (gained 1)
r - 21 sling bullets (gained 1)
r - 22 sling bullets (gained 1)
You now have 690 gold pieces (gained 7).
r - 23 sling bullets (gained 1)
There is a stone staircase leading up, spattered with blood here.
You see here 19 gold pieces.
You now have 709 gold pieces (gained 19).
Your +3 scimitar of flaming stops flaming.
a - a +4 dagger (weapon)
The lindwurm roars!
The lindwurm breathes flames at you. The blast of flame hits you!!!
Ouch! That really hurt!
The lindwurm breathes flames at you. The blast of flame hits you!!
You die...
Your body crumbles into a pile of gold.

#......#.#...# #♣.>.♣#...........
##.#.####....# #.....♣...........
##..# ##...####.♣....#....#....
##.## #..P.#.#...#..#....#....
#..# #.......................
#.#####...........k.#.........
####.PP.##..............P.#......
.##..............................
.........<......@................
##.#.####.###.#####...#.######.#.
##### ### ### ####### ##.# ##


You could see a lindwurm (catching breath).

Vanquished Creatures
  A boulder beetle (Lair:3)
  3 hydras
  Erica (D:9)
  Pikel (D:7)
  A deep elf pyromancer (D:8)
  Joseph (D:7)
  A black mamba (Lair:2)
  4 cane toads
  A komodo dragon (Lair:2)
  A hornet (D:6)
  The ghost of crimpus the Conjurer, an amateur DgCj (D:4)
  4 blink frogs (Lair:2)
  2 wyverns
  13 yaks
  A steam dragon (D:7)
  Edmund (D:6)
  8 water moccasins
  An orc warrior (D:9)
  3 necrophages
  4 ogres
  An ice beast (D:5)
  20 wolves
  4 centaurs
  2 black bears (D:6)
  Blork the orc (D:6)
  5 bullfrogs
  3 kobold brigands
  4 scorpions
  Dowan (D:6)
  9 killer bees
  7 wights
  4 howler monkeys
  2 centaur zombies
  2 orc priests
  2 hounds (D:5)
  A centaur skeleton (D:7)
  5 iguanas
  Natasha (thrice) (D:4)
  3 orc wizards
  A howler monkey zombie (D:5)
  A howler monkey skeleton (D:6)
  A gnoll (D:4)
  14 adders
  3 ufetubi
  2 adder skeletons (D:4)
  2 dart slugs
  19 orcs
  8 ball pythons
  6 endoplasms
  A giant cockroach (Sewer)
  7 hobgoblins
  4 quokkas
  9 bats
  4 frilled lizards
  4 goblins
  25 kobolds
  8 rats
251 creatures vanquished.

Vanquished Creatures (others)
  A kobold (D:7)
  9 fungi
  21 plants
31 creatures vanquished.

Grand Total: 282 creatures vanquished

Notes
Turn   | Place    | Note
-------+----------+-------------------------------------------
     0 | D:1      | styxcanada the Spriggan Brigand began the quest for the
                  | Orb.
     0 | D:1      | Reached XP level 1. HP: 10/10 MP: 2/2
    19 | D:1      | Reached skill level 6 in Stealth
   360 | D:1      | You fall into a shaft and drop 1 floor!
   375 | D:2      | Reached XP level 2. HP: 12/14 MP: 3/3
   408 | D:2      | Found a shimmering altar of Xom.
  1018 | D:2      | Found a faded altar of an unknown god.
  1095 | D:2      | Reached skill level 7 in Stealth
  1095 | D:2      | Reached XP level 3. HP: 11/18 MP: 4/4
  2177 | D:3      | Identified the +4 war axe of Bread {freeze, rElec Int+4}
  2185 | D:3      | Reached XP level 4. HP: 20/23 MP: 5/5
  2334 | D:3      | Reached skill level 8 in Stealth
  2402 | D:3      | Noticed a necrophage
  2450 | D:3      | Killed a necrophage
  2451 | D:3      | Reached XP level 5. HP: 5/26 MP: 6/6
  2811 | D:3      | Reached skill level 9 in Stealth
  2863 | D:4      | Noticed Natasha
  2863 | D:4      | Noticed a necrophage
  2863 | D:4      | Found a transporter.
  2872 | D:4      | Killed Natasha
  2885 | D:4      | Found a one-way gate to the infinite horrors of the Abyss.
  2885 | D:4      | Noticed crimpus's ghost (amateur DgCj)
  2904 | D:4      | Noticed a necrophage
  2908 | D:4      | Found a transporter.
  2974 | D:4      | Reached skill level 1 in Slings
  2974 | D:4      | Reached XP level 6. HP: 27/30 MP: 7/7
  3213 | D:4      | Reached skill level 10 in Stealth
  3474 | D:4      | Reached XP level 7. HP: 35/35 MP: 8/8
  3610 | D:4      | Noticed Natasha
  3635 | D:4      | Killed Natasha
  4020 | D:4      | Noticed Natasha
  4022 | D:4      | Killed Natasha
  4429 | D:4      | Killed crimpus's ghost
  4430 | D:4      | Reached skill level 11 in Stealth
  4430 | D:4      | Reached XP level 8. HP: 35/40 MP: 9/9
  4487 | D:5      | Entered Level 5 of the Dungeon
  4698 | D:5      | Reached skill level 5 in Dodging
  4799 | D:5      | Found a glowing drain.
  4809 | Sewer    | Entered a sewer
  5275 | D:5      | Reached skill level 12 in Stealth
  5525 | D:5      | Identified the +1 leather armour of Koere {rC+ Dex+2}
  5556 | D:5      | Gained mutation: You sometimes lose the ability to read
                  | scrolls when taking damage. [potion of mutation]
  5557 | D:5      | Lost mutation: You sometimes lose the ability to read
                  | scrolls when taking damage. [potion of mutation]
  5557 | D:5      | Gained mutation: You have large cloven feet. [potion of
                  | mutation]
  5557 | D:5      | Gained mutation: Your system is resistant to poisons.
                  | (rPois) [potion of mutation]
  5891 | D:6      | Noticed Blork the orc
  5946 | D:6      | Killed Blork the orc
  6053 | D:6      | Noticed Edmund
  6061 | D:6      | Killed Edmund
  6062 | D:6      | Reached skill level 13 in Stealth
  6074 | D:6      | Reached XP level 9. HP: 44/44 MP: 10/10
  6128 | D:6      | Noticed Dowan
  6130 | D:6      | Noticed Duvessa
  6175 | D:6      | Killed Dowan
  6176 | D:6      | Reached skill level 1 in Shields
  6459 | D:7      | Found Loutopau's Book Emporium.
  6649 | D:7      | Reached skill level 1 in Evocations
  7195 | D:7      | Noticed Joseph
  7199 | D:7      | Killed Joseph
  7200 | D:7      | Reached skill level 14 in Stealth
  7230 | D:7      | Noticed Pikel
  7272 | D:7      | Killed Pikel
  7273 | D:7      | Reached skill level 5 in Short Blades
  7305 | D:7      | Reached XP level 10. HP: 49/49 MP: 11/11
  7332 | D:7      | Found a staircase to the Ecumenical Temple.
  7342 | Temple   | Entered the Ecumenical Temple
  7653 | Temple   | Became a worshipper of Gozag Ym Sagoz the Greedy
  8205 | D:8      | Found a white marble altar of Elyvilon.
  8321 | D:8      | Noticed a deep elf pyromancer
  8342 | D:8      | Killed a deep elf pyromancer
  8978 | D:9      | Found a staircase to the Lair.
  9100 | D:9      | Noticed Erica
  9165 | D:9      | Killed Erica
  9166 | D:9      | Reached skill level 15 in Stealth
  9416 | D:9      | Reached skill level 5 in Evocations
 10029 | Lair:1   | Entered Level 1 of the Lair of Beasts
 10045 | Lair:1   | Learned a level 2 spell: Blink
 10080 | Lair:1   | Reached skill level 1 in Translocations
 10086 | Lair:1   | Reached skill level 1 in Spellcasting
 10507 | Lair:1   | Reached skill level 1 in Conjurations
 10593 | Lair:1   | Identified the +3 leather armour of the Monk {Harm rF+
                  | SInv}
 10778 | Lair:1   | Noticed a cane toad
 10842 | Lair:1   | Killed a cane toad
 10843 | Lair:1   | Reached XP level 11. HP: 47/53 MP: 14/14
 11309 | Lair:2   | Noticed a five-headed hydra
 11330 | Lair:2   | Killed a one-headed hydra
 11515 | Lair:2   | Learned a level 2 spell: Poisonous Vapours
 11670 | Lair:2   | Reached skill level 5 in Throwing
 11670 | Lair:2   | Reached skill level 10 in Dodging
 11995 | Lair:2   | Noticed a four-headed hydra
 12017 | Lair:2   | Killed a one-headed hydra
 12018 | Lair:2   | Reached skill level 16 in Stealth
 12018 | Lair:2   | Reached skill level 1 in Poison Magic
 12405 | Lair:2   | Reached skill level 1 in Air Magic
 12861 | Lair:3   | Noticed a lindwurm
 12866 | Lair:3   | Noticed an eight-headed hydra
 13175 | Lair:2   | Reached skill level 5 in Shields
 13224 | Lair:3   | Noticed a boulder beetle
 13301 | Lair:3   | Killed a boulder beetle
 13428 | Lair:3   | Noticed a six-headed hydra
 13462 | Lair:3   | Killed a one-headed hydra
 13463 | Lair:3   | Reached skill level 5 in Translocations
 13463 | Lair:3   | Reached XP level 12. HP: 52/58 MP: 18/18
 13553 | Lair:3   | Killed from afar by a lindwurm

Illustrated notes

Levels and vault maps discovered:
D:1:      minmay_arrival_doors, layout_basic, minmay_misc_feat_four_crosses
D:2:      layout_basic, hellmonk_ecumenical_altar_leap_of_faith, basic_altar
D:3:      layout_rooms, hangedman_decor_clover_reticule, amethyst_killhole
D:4:      layout_basic, gammafunk_ghost_abyssal_escape, uniq_natasha
D:5:      layout_gridville, portal_sewer_entry_d, lexackson_kobold_supper
D:6:      layout_cave_pools, minivault_23, uniq_blork_the_orc, uniq_duvessa,
          uniq_edmund
D:7:      layout_gridville, temple_statues, minmay_shop_grid_forest, uniq_pikel,
          uniq_joseph
D:8:      layout_cave_pools, elyvilon_altar_5, serial_rivers,
          chequers_serial_rivers_small_a, chequers_serial_rivers_room_b,
          chequers_serial_rivers_large_a, chequers_serial_rivers_marsh,
          chequers_serial_rivers_marsh
D:9:      layout_gridville, dpeg_oklobed_lair, uniq_erica
Temple:   mainiacjoe_temple_trianglar_array
Lair:1:   layout_regular_city, serial_bayou_lagoon_a,
          infiniplex_staircase_pool_2, grunt_megastairs_3
Lair:2:   layout_cave_pods, patterned_corridor, grunt_megastairs_4
Lair:3:   layout_chaotic_city, spider_nest_entry_webs, grunt_megastairs_1,
          uniq_sonja

Skill      XL: |  1  2  3  4  5  6  7  8  9 10 11 |
---------------+----------------------------------+-----
Stealth        | 6 7 8 9 10 11 13 14 15 16 | 16.1
Dodging        | 2 3 4 6 8 9 11 | 11.0
Fighting       | 2 3 4 |  4.5
Slings         | 1 3 4 |  4.8
Short Blades   | 3 4 5 6 |  6.8
Throwing       | 3 4 5 |  5.1
Shields        | 3 4 5 |  5.0
Evocations     | 3 5 6 |  6.8
Translocations | 2 5 |  5.0
Spellcasting   | 1 3 |  3.8
Conjurations   | 1 |  1.7
Poison Magic   | 1 |  1.7
Air Magic      | 1 |  1.8
Long Blades    | |  0.7

Action                   |  1- 3 |  4- 6 |  7- 9 | 10-12 || total
-------------------------+-------+-------+-------+-------++-------
Melee: Dagger            |    70 |    53 |   414 |   750 ||  1287
       Punch             |     2 |       |     4 |       ||     6
       Kick              |       |       |    56 |   319 ||   375
       Scimitar          |       |       |       |    31 ||    31
 Fire: Hunting sling     |       |    49 |     3 |    53 ||   105
Throw: Dart              |    21 |     8 |    65 |    58 ||   152
Invok: Call Merchant     |       |       |       |     1 ||     1
Evoke: Wand              |       |       |     3 |    15 ||    18
  Use: Scroll            |     5 |     2 |     5 |     7 ||    19
       Potion            |       |       |     8 |     1 ||     9
 Stab: Sleeping          |    17 |    13 |    34 |    17 ||    81
       Distracted        |       |       |     1 |     9 ||    10
       Paralysed         |       |       |     2 |     2 ||     4
Armor: Robe              |     7 |    12 |    30 |    45 ||    94
Dodge: Dodged            |    38 |    59 |   365 |   680 ||  1142
Block: Buckler           |       |       |    64 |   340 ||   404
